Map: New Repugnancy LE

Players

Duck - Winner!

  • Race: Zerg Zerg
  • League: Diamond
  • Spawn Location: 7:00

Demonee

  • Race: Terran Terran
  • League: Diamond
  • Spawn Location: 1:00

VOD

Have the link to the VOD?

Description

Bad day for drones

Time

  • Played on: June 4, 2019, 7:20 p.m.
  • Length: 28:19
Show
View Real Time Build Order
Export as new Build Order

Duck Zerg - Winner!

Build Orders: Hatch First 

Get SALT Encoding   

  12  0:01  Drone  
  13  0:12  Overlord  
  13  0:17  Drone  
  14  0:31  Drone x2  
  16  0:36  Drone  
  17  0:53  Hatchery  
  17  0:56  Drone  
  17  1:00  Drone  
  18  1:09  Extractor  
  17  1:17  Spawning Pool  
  16  1:19  Drone  
  16  1:22  Drone  
  18  1:28  Drone  
  19  1:42  Overlord  
  19  1:52  Drone  
  20  2:05  Drone  
  20  2:08  Queen x2  
  21  2:10  Zergling x2  
  21  2:11  Metabolic Boost  
  26  2:17  Zergling x2  
  26  2:19  Drone  
  28  2:31  Overlord  
  28  2:42  Hatchery  
  27  2:47  Drone  
  27  2:48  Drone  
  27  2:51  Drone  
  30  2:55  Drone  
  31  2:58  Drone  
  31  2:59  Drone  
  33  3:08  Queen  
  35  3:13  Drone x2  
  35  3:16  Drone  
  38  3:21  Drone x2  
  40  3:28  Drone x3  
  43  3:36  Drone  
  43  3:38  Overlord x2  
  44  3:58  Queen  
  44  4:00  Queen  
  44  4:01  Overlord  
  48  4:03  Drone x5  
  48  4:04  Drone  
  54  4:18  Extractor  
  54  4:19  Lair  
  54  4:20  Extractor  
  54  4:22  Drone x2  
  54  4:23  Extractor, Drone  
  54  4:24  Drone x3  
  54  4:26  Drone x3  
  54  4:27  Drone  
  54  4:28  Drone  
  61  4:43  Drone x4  
  65  5:00  Baneling Nest  
  65  5:03  Evolution Chamber  
  63  5:08  Drone x7  
  63  5:09  Drone x4  
  63  5:11  Overlord x2  
  74  5:14  Extractor  
  74  5:16  Extractor  
  74  5:18  Queen  
  74  5:28  Queen  
  75  5:36  Drone  
  75  5:37  Drone x2  
  75  5:38  Drone x3  
  75  5:39  Drone x2  
  83  5:44  Centrifical Hooks  
  83  5:45  Zergling x2, Zerg Ground Armor Level 1  
  83  5:48  Hydralisk Den  
  83  5:56  Overlord  
  83  5:57  Overlord x3  
  83  5:59  Overlord  
  81  6:07  Overseer  
  81  6:09  Hatchery  
  80  6:17  Zergling x4  
  80  6:18  Zergling x22  
  93  6:24  Hydralisk  
  93  6:36  Hydralisk x3  
  89  6:53  Hydralisk x11  
  104  7:03  Hydralisk x2  
  97  7:14  Hydralisk x3  
  95  7:16  Queen x2  
  87  7:28  Hydralisk x6  
  88  7:42  Spore Crawler  
  88  7:43  Drone  
  88  7:44  Spore Crawler, Drone x2  
  83  7:54  Grooved Spines  
  79  8:10  Drone x9  
  84  8:14  Drone x2  
  84  8:17  Queen  
  84  8:35  Drone x2  
  84  8:36  Drone x2  
  84  8:37  Spore Crawler  
  84  8:39  Spore Crawler  
  84  8:41  Hydralisk x4  
  84  8:42  Hydralisk  
  84  8:48  Zerg Missile Weapons Level 1  
  93  8:51  Hydralisk x4  
  93  8:52  Hydralisk  
  101  9:00  Zergling x12  
  105  9:06  Spore Crawler, Muscular Augments  
  105  9:09  Spore Crawler  
  103  9:11  Spore Crawler  
  103  9:12  Drone  
  103  9:16  Drone  
  104  9:20  Extractor  
  103  9:24  Hydralisk  
  103  9:25  Hydralisk x4  
  113  9:33  Extractor, Drone  
  113  9:34  Extractor, Drone x5  
  113  9:35  Drone  
  116  9:45  Hydralisk x4  
  115  9:56  Hydralisk x3  
  115  9:57  Hydralisk  
  120  10:09  Hydralisk  
  120  10:10  Hydralisk x3  
  118  10:24  Hydralisk  
  118  10:25  Hydralisk x5  
  120  10:38  Hatchery  
  105  10:51  Zergling x16  
  109  11:01  Drone  
  110  11:05  Drone x2  
  112  11:11  Zerg Missile Weapons Level 2  
  112  11:22  Zergling x8  
  112  11:23  Evolution Chamber  
  115  11:29  Drone  
  114  11:41  Baneling x6  
  114  11:42  Baneling x6  
  114  11:43  Zergling x16  
  122  11:47  Overlord  
  122  11:48  Zerg Ground Armor Level 2, Overlord x2  
  122  11:54  Zergling x6  
  125  11:58  Drone x2  
  125  11:59  Drone  
  121  12:11  Zergling x18  
  116  12:32  Zergling x10  
  116  12:33  Zergling x12  
  127  12:37  Hatchery  
  126  12:46  Hatchery  
  85  13:14  Zergling x14  
  85  13:15  Zergling x10  
  89  13:25  Drone x4  
  89  13:26  Drone x4  
  93  13:49  Baneling x5  
  93  13:50  Baneling x4  
  93  13:52  Infestation Pit  
  92  13:59  Drone  
  92  14:00  Drone x4  
  92  14:01  Drone  
  92  14:02  Drone x7  
  105  14:03  Drone  
  105  14:06  Drone  
  105  14:07  Drone  
  104  14:27  Drone x3  
  104  14:28  Drone x2  
  109  14:38  Drone  
  109  14:39  Drone x2  
  112  14:48  Drone x8  
  112  14:49  Drone x5  
  125  14:53  Hatchery  
  124  15:02  Drone  
  124  15:03  Drone x2, Zergling x2  
  124  15:04  Zergling x12  
  124  15:17  Zerg Melee Weapons Level 1  
  124  15:19  Drone x6  
  123  15:32  Infestation Pit, Baneling  
  123  15:33  Baneling  
  122  15:37  Drone x10  
  132  15:48  Baneling  
  132  15:49  Baneling x3  
  132  15:54  Drone x4  
  132  15:55  Drone x3  
  137  16:17  Zergling x6  
  137  16:18  Zergling x28  
  132  16:30  Zergling x2  
  132  16:31  Zergling x18  
  124  16:37  Drone  
  112  16:54  Hive  
  112  17:06  Baneling x6  
  112  17:07  Baneling  
  112  17:10  Hatchery  
  111  17:24  Drone x6  
  111  17:25  Drone x2  
  108  17:33  Extractor  
  108  17:36  Drone x2  
  108  17:37  Drone x4  
  100  17:38  Drone x2  
  100  17:39  Drone x3  
  107  17:46  Baneling x3  
  107  17:47  Baneling x2  
  107  17:54  Zergling x24  
  108  18:13  Zergling x2  
  108  18:14  Zergling x14  
  108  18:17  Zergling x4  
  97  18:23  Ultralisk Cavern  
  87  18:29  Drone x4  
  87  18:30  Drone x2  
  87  18:31  Drone x3  
  94  18:48  Baneling x2  
  94  18:49  Baneling x3  
  94  18:55  Adrenal Glands  
  94  19:01  Drone  
  94  19:02  Drone x6  
  101  19:04  Zerg Melee Weapons Level 2  
  101  19:05  Zerg Ground Armor Level 3  
  101  19:13  Extractor  
  101  19:16  Chitinous Plating  
  100  19:18  Ultralisk x2  
  100  19:19  Ultralisk x2  
  124  19:36  Baneling  
  124  19:37  Baneling x4  
  124  19:40  Ultralisk x2  
  136  19:54  Hydralisk  
  136  19:55  Hydralisk x2  
  142  20:01  Hatchery  
  140  20:11  Ultralisk  
  146  20:14  Overlord x2  
  146  20:15  Overlord  
  137  20:35  Anabolic Synthesis  
  113  20:43  Zergling x30  
  113  20:44  Zergling x22  
  103  21:09  Ultralisk  
  99  21:17  Hatchery  
  97  21:21  Baneling x6  
  97  21:22  Baneling x2  
  97  21:24  Drone  
  97  21:25  Drone x7  
  105  21:34  Extractor  
  105  21:35  Extractor  
  105  21:39  Zergling x14  
  110  22:07  Zergling x10  
  110  22:08  Zergling x18  
  104  22:10  Baneling x4  
  104  22:11  Baneling  
  104  22:17  Drone  
  104  22:18  Drone x2  
  107  22:29  Hydralisk x2  
  106  22:30  Hydralisk x3  
  109  22:41  Zergling x2  
  109  22:42  Zergling x16  
  103  22:55  Hydralisk  
  103  22:56  Hydralisk x3  
  104  23:04  Zergling x2  
  104  23:05  Zergling x8  
  63  23:33  Hydralisk x7  
  74  23:38  Drone x2  
  75  24:10  Zergling x2  
  75  24:11  Zergling x22  
  73  24:34  Overseer x2  
  73  24:35  Overseer  
  70  24:39  Drone x5  
  45  25:59  Zergling x26  
  53  26:13  Zergling x2  
Show
View Real Time Build Order
Export as new Build Order

Demonee Terran 

Build Orders: Command Center First (CC) 

Get SALT Encoding   

  12  0:00  SCV  
  13  0:13  SCV  
  14  0:21  Supply Depot  
  14  0:25  SCV  
  15  0:43  SCV  
  16  0:55  SCV  
  17  1:06  Command Center  
  17  1:07  SCV  
  18  1:16  Barracks  
  18  1:20  SCV  
  19  1:25  Refinery  
  19  1:31  Refinery  
  19  1:32  SCV  
  20  1:44  SCV  
  21  1:56  SCV  
  22  2:05  Marine  
  23  2:12  Factory  
  23  2:18  SCV  
  23  2:21  Orbital Command  
  24  2:30  Reaper  
  24  2:33  Orbital Command  
  25  2:46  Supply Depot  
  25  2:47  SCV  
  26  2:59  SCV x2  
  28  3:06  Starport  
  28  3:11  SCV x2  
  30  3:13  Starport  
  30  3:14  Marine  
  30  3:17  Refinery x2  
  31  3:22  Factory Tech Lab  
  31  3:24  SCV x2  
  33  3:32  Marine  
  33  3:33  Bunker  
  34  3:36  SCV x2  
  36  3:48  SCV  
  37  3:49  Marine, SCV  
  37  3:51  Fusion Core  
  39  3:57  Supply Depot  
  39  4:00  Supply Depot  
  39  4:03  SCV x2  
  39  4:07  Marine  
  42  4:14  Starport Tech Lab x2  
  42  4:19  Siege Tank  
  45  4:25  Marine  
  45  4:27  SCV x2  
  48  4:39  SCV x2  
  48  4:43  Marine  
  48  4:44  Battlecruiser  
  57  4:51  SCV  
  58  4:53  Supply Depot  
  58  5:09  Battlecruiser  
  64  5:20  Command Center, SCV  
  64  5:21  SCV  
  66  5:33  SCV x2  
  68  5:45  SCV  
  68  5:48  Battlecruiser, Supply Depot  
  75  6:01  Supply Depot  
  75  6:13  Battlecruiser  
  81  6:36  Orbital Command  
  81  6:37  Weapon Refit  
  81  7:05  Battlecruiser  
  87  7:25  Battlecruiser  
  87  8:02  Barracks x2  
  87  8:03  Barracks  
  87  8:04  Barracks  
  87  8:06  Supply Depot  
  87  8:09  Battlecruiser, Supply Depot  
  87  8:11  Supply Depot  
  87  8:29  Battlecruiser  
  86  8:48  Orbital Command  
  86  8:59  Barracks Tech Lab x2, Barracks Reactor  
  86  9:00  Barracks Reactor  
  86  9:01  SCV  
  87  9:17  SCV x3  
  87  9:21  Marine x2  
  92  9:24  Combat Shield, Stimpack  
  92  9:28  Engineering Bay  
  92  9:29  SCV x2  
  92  9:30  SCV, Engineering Bay  
  95  9:37  Barracks Reactor  
  95  9:38  Marine  
  95  9:41  SCV  
  95  9:42  SCV x2  
  99  9:49  Refinery  
  99  9:50  Refinery, Marine x4  
  99  9:51  Marine  
  98  9:53  SCV  
  98  9:54  SCV  
  98  9:56  Marine  
  102  10:05  SCV  
  102  10:06  SCV  
  98  10:08  Marine x5  
  94  10:14  Marine  
  94  10:17  SCV  
  94  10:18  SCV  
  87  10:25  Marine  
  87  10:26  Marine x2  
  87  10:28  Medivac x2  
  92  10:29  SCV  
  89  10:44  Marine  
  89  10:45  Marine  
  89  10:46  Marine x4  
  95  10:56  Marine x2  
  79  10:58  Medivac  
  79  11:00  Orbital Command  
  79  11:02  Marine  
  79  11:03  Marine  
  79  11:04  Marine x4  
  83  11:05  Terran Infantry Armor Level 1  
  83  11:06  Terran Infantry Weapons Level 1, Supply Depot x2  
  83  11:07  Supply Depot  
  83  11:08  Supply Depot  
  87  11:13  Marine  
  87  11:14  Marine  
  87  11:18  Medivac  
  91  11:20  Marine  
  91  11:21  Marine, Concussive Shells  
  91  11:22  Marine x4  
  97  11:28  Medivac  
  97  11:31  Marine  
  97  11:32  Marine  
  101  11:37  Marine  
  101  11:39  Marine x4  
  103  11:40  Marine  
  103  11:46  Siege Tank  
  110  11:47  SCV  
  110  11:48  Medivac  
  110  11:49  Marine x2  
  115  11:54  Supply Depot  
  115  11:56  Marauder, Supply Depot  
  115  11:57  Marine x4  
  115  11:58  Medivac, Marauder  
  125  12:07  Marine x2  
  119  12:14  Marine  
  119  12:15  Marine x3  
  121  12:17  Marauder  
  121  12:18  Medivac  
  121  12:19  Marauder  
  126  12:28  Medivac  
  104  12:31  Marine  
  104  12:32  SCV x3  
  98  12:39  Marauder  
  98  12:41  Marauder  
  98  12:44  SCV x3  
  102  12:48  Medivac  
  101  12:56  SCV x2  
  101  12:57  Marine  
  101  12:58  Marine x5, Medivac  
  95  13:00  Marauder  
  95  13:02  Marauder  
  84  13:08  SCV x2  
  84  13:09  Command Center  
  83  13:15  Marine x2  
  83  13:16  Marine x3  
  83  13:18  Medivac  
  90  13:20  SCV  
  90  13:21  Marine, Marauder  
  90  13:23  Marauder  
  96  13:28  Medivac  
  96  13:33  Marine  
  91  13:43  Marauder  
  91  13:45  Marauder  
  94  13:57  Marine  
  95  14:04  Marauder  
  95  14:06  Marauder  
  95  14:07  Siege Tank  
  95  14:09  Marine  
  103  14:18  Marine x2  
  104  14:25  Marauder  
  104  14:27  Marine  
  104  14:28  Marine, Marauder  
  110  14:33  Marine  
  111  14:43  Marine  
  112  14:47  Marauder  
  112  14:49  Marauder  
  116  14:54  Marine  
  113  15:08  Marauder  
  113  15:10  Marauder  
  113  15:12  Marine  
  106  15:24  Orbital Command  
  106  15:25  Marine  
  107  15:30  Marauder  
  107  15:32  Marauder  
  107  15:34  SCV x2  
  113  15:48  Marine x4  
  117  15:51  Marauder  
  117  15:53  Marauder  
  121  15:58  Marine  
  121  15:59  Marine, SCV  
  124  16:06  Marine x2  
  126  16:12  Marauder  
  125  16:32  Marine x4, Marauder  
  127  16:33  Marine  
  127  16:39  Marine, Marauder  
  132  16:50  Marine x2  
  132  16:53  Marauder  
  128  16:56  Marine  
  128  17:01  Siege Tank, Marauder  
  131  17:03  Command Center  
  131  17:07  Command Center, Marine x4  
  138  17:15  Marauder  
  140  17:21  Marine x2  
  140  17:22  Marauder  
  144  17:24  Marine  
  144  17:25  Marine x3  
  144  17:36  Marauder  
  140  17:38  Marine  
  140  17:39  Marine  
  140  17:42  Marine  
  140  17:43  Marine, Marauder  
  145  17:44  Marine  
  146  17:58  Marauder  
  148  18:05  Marauder  
  130  18:19  Marauder  
  100  18:20  Marine  
  100  18:23  Marine x5  
  100  18:26  Marauder  
  92  18:36  SCV  
  92  18:38  Marine  
  92  18:40  Marine, Marauder  
  92  18:41  Marine x4, Siege Tank  
  100  18:48  Marauder  
  97  18:56  Marine  
  97  18:58  Marine, Medivac x2  
  97  18:59  Marine x4, SCV  
  97  19:00  SCV x2  
  97  19:02  Marauder  
  112  19:05  Refinery  
  112  19:10  Planetary Fortress  
  112  19:11  SCV  
  112  19:13  Refinery, Siege Tank  
  116  19:18  Planetary Fortress  
  116  19:26  SCV x3  
  116  19:28  Medivac x2  
  123  19:38  Marine, SCV x3, Marauder  
  126  19:39  Marine x2  
  126  19:41  Liberator  
  126  19:44  Advanced Ballistics  
  131  19:47  Starport  
  131  19:58  Medivac  
  136  20:04  Siege Tank  
  128  20:09  Marine x4, Marauder  
  128  20:11  Liberator  
  136  20:32  Marauder  
  95  20:53  Liberator  
  95  20:54  Liberator  
  79  21:02  Marine, Marauder x2  
  79  21:03  Orbital Command  
  59  21:11  Liberator  
  59  21:12  Marine x5  
  58  21:19  Marine  
  58  21:23  SCV, Marauder x2  
  58  21:24  SCV x2  
  66  21:30  Marine x3  
  66  21:31  SCV  
  73  21:36  SCV x3  
  76  21:42  Marine  
  76  21:43  SCV  
  76  21:44  Marauder  
  76  21:45  Marauder  
  82  21:48  SCV x3  
  82  21:52  Refinery  
  82  21:54  Medivac  
  87  21:56  SCV  
  87  21:57  Refinery  
  87  22:00  SCV x3  
  91  22:06  Marauder x2  
  91  22:08  SCV  
  95  22:12  SCV x3  
  98  22:20  SCV  
  99  22:24  SCV x2  
  99  22:25  SCV  
  99  22:27  Marauder  
  99  22:28  Marauder  
  106  22:32  SCV  
  106  22:36  SCV  
  106  22:37  SCV x2  
  98  22:48  Marauder  
  86  22:52  Orbital Command  
  65  23:22  Command Center  
  48  23:37  Command Center, Marine  
  48  23:38  Marine x6  
  48  23:40  SCV  
  55  23:41  SCV x2  
  56  23:53  SCV  
  51  23:59  Marine  
  51  24:00  Marine x6, Marauder  
  59  24:06  SCV  
  60  24:17  Marine  
  60  24:18  Marine  
  60  24:29  Orbital Command  
  59  24:31  SCV  
  54  24:49  SCV  
  54  24:52  Marine  
  56  24:53  Marine x2  
  56  25:16  SCV  
  56  25:19  Marine x2, Marauder  
  47  25:54  Marine x2, Marauder  
  47  25:55  Marine  
  46  26:00  Marine  
  46  26:01  Marine  
  18  26:49  Marine  
  18  26:50  Marine x4  
  23  27:07  Marine  
  23  27:08  Marine x4  
  21  27:25  Marine  
  21  27:26  Marine x2  
  21  27:35  Orbital Command  
Tags
 
Add a new tag
Caveats
  • Supply blocks, unpowered buildings, or Contaminate may cause inaccurate times.
  • Supply counts are checked every 10 seconds.